 Dungeon Crawl Stone Soup version 0.29-a0-344-ge2f44be95a (webtiles) character file.

Game seed: 5102967756845398448

214 zeratav the Conjurer (level 5, -1/31 HPs)
             Began as an Octopode Conjurer on Apr 21, 2022.
             Slain by a river rat (4 damage)
             ... in a sewer.
             The game lasted 00:08:06 (4128 turns).

zeratav the Conjurer (Octopode Conjurer)            Turns: 4128, Time: 00:08:06

Health: -1/31      AC:  1    Str:  6    XL:     5   Next: 92%
Magic:  1/9        EV: 13    Int: 22    God:
Gold:   183        SH:  0    Dex: 11    Spells: 7/10 levels left

rFire   . . .      SeeInvis .   c - +0 short sword {short}
rCold   . . .      Faith    .   (no shield)
rNeg    . . .      Spirit   .   (helmet restricted)
rPois   .          Reflect  .   (no amulet)
rElec   .          Harm     .   (no ring)
rCorr   .          Rampage  .   (no ring)
Will    .....                   (no ring)
Stlth   +++.......              (no ring)
HPRegen 0.10/turn               (no ring)
MPRegen 0.11/turn               (no ring)
                                (no ring)
                                (no ring)

@: no status effects
A: almost no armour, amphibious, 8 rings, camouflage 1, gelatinous body 1,
(nimble swimmer 1), tentacles
a: no special abilities


You were in a sewer.
You visited 1 branch of the dungeon, and saw 3 of its levels.
You also visited: Sewer.

You collected 183 gold pieces.


Innate Abilities, Weirdness & Mutations

You cannot wear most types of armour.
You are amphibious.
You can wear up to eight rings at the same time.
Your skin changes colour to match your surroundings (Stealth+).
Your rubbery body absorbs attacks. (AC +1, EV +1)
((You are camouflaged when in or above water. (Stealth+)))
You have tentacles for arms and can constrict up to eight enemies at once.


   Skills:
 - Level 2.0 Dodging
 - Level 2.6 Stealth
 + Level 3.2 Spellcasting
 * Level 5.8 Conjurations
 + Level 2.1 Translocations


You had 7 spell levels left.
You knew the following spells:

 Your Spells              Type           Power      Damage    Failure   Level
a - Magic Dart            Conj           100%       1d8       1%          1
b - Searing Ray           Conj           58%        2d6       1%          2

Your spell library contained the following spells:

 Spells                   Type           Power      Damage    Failure   Level
 Apportation              Tloc           24%        N/A       4%          1
 Dazzling Flash           Conj/Hex       32%        N/A       11%         3
 Iskenderun's Mystic Bla  Conj/Tloc      21%        2d6       24%         4
 Fulminant Prism          Conj/Hex       8%         3d7       36%         4

Inventory:

Hand Weapons
 c - a +0 short sword (weapon) {short}
   (You took it off a kobold on level 1 of the Dungeon)
Jewellery
 e - a ring of fire
   (You found it on level 1 of the Dungeon)
Scrolls
 b - a scroll of enchant weapon {unknown}
 d - 2 scrolls of blinking {unknown}
 f - 2 scrolls of vulnerability {unknown}
 i - 2 scrolls of identify {unknown}
 j - 2 scrolls of teleportation {unknown}
 k - a scroll of magic mapping {unknown}
 o - a scroll of noise {unknown}
Potions
 a - a potion of magic
 g - 2 potions of lignification {unknown}
 h - a potion of curing {unknown}
 l - a potion of heal wounds {unknown}
 m - a potion of brilliance {unknown}
 n - 5 potions of flight
 p - a potion of might {unknown}
 q - a potion of invisibility {unknown}
 r - a potion of mutation {!q}

Dungeon Overview and Level Annotations

Branches:
Dungeon (3/15)              Sewer (1/1)

Altars:
≈≈≈≈≈.≈≈≈≈≈.≈≈≈.≈≈≈.≈.≈≈÷≈# ###. ≈≈≈≈≈≈≈≈≈≈≈≈≈≈≈≈≈≈≈≈≈≈≈≈≈≈####... .≈≈≈≈≈≈.≈≈.≈≈≈≈...≈≈≈≈≈≈≈≈##..... #######################≈≈≈###.... # #### ###### #≈≈.# ##### # #SSS

#....# #≈≈.# #
#####++#####''#####≈≈≈# #
#∩.........r†..≈.≈≈≈≈.# #
#∩.........†@...≈.≈≈≈≈# #
#####''#####''#####≈≈≈# # #...
#...!# #≈≈≈# # #### ###### #≈≈≈#
#######################≈≈≈#######
≈≈≈≈≈≈≈≈≈.≈≈≈≈≈≈≈≈.≈.≈≈≈≈≈≈≈≈≈≈≈≈
≈≈≈≈≈≈≈≈≈≈≈≈≈≈≈≈≈≈≈≈≈≈≈≈≈≈≈≈≈≈≈≈≈
≈≈≈≈≈..≈≈≈.≈≈≈≈≈..≈.≈≈≈≈≈≈≈≈≈≈≈≈≈
#################################


You could see a river rat.


Message History

3 river rats come into view.
Casting: Magic Dart (safe; 1% risk of failure)
Confirm with . or Enter, or press ? or * to list all spells.
Aiming: Searing Ray (safe; 1% risk of failure)
Press: ? - help, Shift-Dir - straight line
Okay, then.
The magic dart hits the river rat.
MP[-1]
You lost 1 mp, and now have 8/9 mp.
Casting: Magic Dart (safe; 1% risk of failure)
Confirm with . or Enter, or press ? or * to list all spells.
Aiming: Searing Ray (safe; 1% risk of failure)
Press: ? - help, Shift-Dir - straight line, p - river rat The searing ray hits the river rat.
The searing ray hits the river rat but does no damage. (Press . to maintain the ray.) MP[-2]
You lost 2 mp, and now have 6/9 mp.
The searing ray hits the river rat but does no damage.
The searing ray hits the river rat!
A river rat comes into view.
MP[-1]
You lost 1 mp, and now have 5/9 mp.
The searing ray hits the river rat.
The river rat bites you. The river rat misses you. x2
HP[-2] MP[-1]
You take 2 damage, and now have 29/31 hp.
You lost 1 mp, and now have 4/9 mp.
The searing ray misses the river rat.
The searing ray hits the river rat.
You finish channelling your searing ray.
The river rat misses you. The river rat bites you!
The river rat barely misses you.
HP[-9] MP[-1]
You take 9 damage, and now have 20/31 hp.
MASSIVE DAMAGE!! (PAUSE)
You lost 1 mp, and now have 3/9 mp.
The river rat attacks as you move away! The river rat bites you.
The river rat bites you but does no damage.
HP[-1]
You take 1 damage, and now have 19/31 hp.
MP[+1]
Casting: Searing Ray (safe; 1% risk of failure)
Confirm with . or Enter, or press ? or * to list all spells.
Aiming: Searing Ray (safe; 1% risk of failure)
Press: ? - help, Shift-Dir - straight line, f - river rat
Aim: a river rat (moderately wounded, 77% to hit)
The searing ray hits the river rat!
The searing ray hits the river rat. (Press . to maintain the ray.)
The river rat misses you.
MP[-2]
You lost 2 mp, and now have 2/9 mp.
The searing ray hits the river rat.
You kill the river rat!
The searing ray hits the river rat.
The river rat misses you. The river rat barely misses you.
Your Translocations skill increases to level 2!
MP[-1]
You lost 1 mp, and now have 1/9 mp.
The searing ray hits the river rat but does no damage.
The river rat bites you but does no damage.
The river rat bites you!
* * * LOW HITPOINT WARNING * * *
The river rat misses you.
HP[-9] MP[-1]
You take 9 damage, and now have 10/31 hp.
MASSIVE DAMAGE!! (PAUSE)
You lost 1 mp, and now have 0/9 mp.
You closely miss the river rat. You grab the river rat.
Your squeeze misses the river rat.
You constrict the river rat, but do no damage.
The river rat closely misses you.
The river rat bites you but does no damage.
The river rat closely misses you.
You hit the river rat but do no damage. Your grab misses the river rat.
Your squeeze misses the river rat.
You constrict the river rat, but do no damage.
The river rat completely misses you. The river rat closely misses you.
The river rat bites you.
* * * LOW HITPOINT WARNING * * *
HP[-2]
You take 2 damage, and now have 8/31 hp.
You hit the river rat.
You kill the river rat!
You constrict the river rat.
You kill the river rat!
The river rat barely misses you.
You barely miss the river rat. Your grab misses the river rat.
The river rat bites you.
* * * LOW HITPOINT WARNING * * *
HP[-6]
You take 6 damage, and now have 2/31 hp.
You closely miss the river rat. Your grab misses the river rat.
Your tentacle-slap misses the river rat.
You squeeze the river rat, but do no damage.
The river rat barely misses you.
HP[+1] MP[+1]
You completely miss the river rat. You grab the river rat.
You constrict the river rat, but do no damage.
The river rat bites you.
You die...

Skill      XL: |  1  2  3  4  5 |
---------------+----------------+-----
Conjurations   | 5 |  5.8
Translocations | 1 2 |  2.1
Spellcasting   | 3 |  3.2
Dodging        | |  2.0
Stealth        | |  2.6

Action                   |  1- 3 |  4- 6 || total
-------------------------+-------+-------++-------
Melee: Unarmed           |     8 |       ||     8
       Short sword       |     5 |    44 ||    49
       Tentacles         |     3 |     5 ||     8
       Constrict         |     2 |     9 ||    11
       Punch             |       |     1 ||     1
 Cast: Magic Dart        |    64 |    52 ||   116
       Searing Ray       |       |    15 ||    15
Armor: Skin              |       |     9 ||     9
Dodge: Dodged            |     7 |    65 ||    72

Levels and vault maps discovered:
D:1:      lightli_arrival_chessboard, layout_loops_ring,
          shapermc_ecumenical_altar_rom_forum, grunt_decor_fettered
D:2:      layout_basic
D:3:      layout_loops_corners, portal_sewer_entry_c
Sewer:    sewer_fruit_machine

Notes
Turn   | Place    | Note
-------+----------+-------------------------------------------
     0 | D:1      | zeratav the Octopode Conjurer began the quest for the Orb.
     0 | D:1      | Reached XP level 1. HP: 11/11 MP: 3/3
     0 | D:1      | Upgraded the game from 0.29-a0-341-g24ffce5b50 to
                  | 0.29-a0-344-ge2f44be95a
     0 | D:1      | magus.rc [v1.9.6]
    14 | D:1      | HP: 1/11 [kobold/+0 short sword (3)]
   470 | D:1      | Reached XP level 2. HP: 17/17 MP: 0/5
   966 | D:1      | Found a faded altar of an unknown god.
   976 | D:1      | Got Plato's Almanac of Translocation
  1187 | D:1      | Reached XP level 3. HP: 21/21 MP: 3/6
  1513 | D:2      | Learned a level 2 spell: Searing Ray
  1991 | D:2      | Reached XP level 4. HP: 27/27 MP: 5/7
  2075 | D:2      | Reached skill level 5 in Conjurations
  2075 | D:2      | Reached skill level 1 in Translocations
  3041 | D:3      | Reached XP level 5. HP: 31/31 MP: 4/9
  3114 | D:3      | Identified the +0 robe of Sanga {Will+ Str+4}
  3128 | D:3      | Found a glowing drain.
  3143 | D:3      | Reached skill level 3 in Spellcasting
  3219 | Sewer    | Entered a sewer
  4122 | Sewer    | Reached skill level 2 in Translocations
  4126 | Sewer    | HP: 2/31 [river rat (6)]
  4128 | Sewer    | Slain by a river rat

Vanquished Creatures
  6 adders
  4 river rats (Sewer)
  3 gnolls (D:3)
  2 worms
  A dart slug (D:2)
  4 orcs (D:3)
  12 bats
  5 endoplasms
  6 giant cockroaches
  3 goblins
  5 hobgoblins
  8 jackals
  2 kobolds
  4 quokkas
  13 ball pythons
  3 frilled lizards
  3 rats
84 creatures vanquished.

Table legend:
 A = Non-vault XP
 B = Vault XP
 C = Vault XP percentage of total XP
 D = Non-vault monster count
 E = Vault monster count
 F = Vault count percentage of total count
                 A         B        C        D         E       F
            +---------+---------+-------+---------+---------+-------
      Total |     176 |     131 |  42.7 |      49 |      35 |  41.7
            +---------+---------+-------+---------+---------+-------
        D:1 |      34 |       0 |   0.0 |      20 |       0 |   0.0
        D:2 |      89 |       0 |   0.0 |      22 |       0 |   0.0
        D:3 |      53 |      25 |  32.1 |       7 |       5 |  41.7
      Sewer |       0 |     106 | 100.0 |       0 |      30 | 100.0
            +---------+---------+-------+---------+---------+-------

Illustrated notes

Table legend:
 A = Kills in this place as a percentage of kills in entire the game.
 B = Kills by you in this place as a percentage of kills by you in the entire game.
 C = Kills by friends in this place as a percentage of kills by friends in the entire game.
 D = Other kills in this place as a percentage of other kills in the entire game.
 E = Experience gained in this place as a percentage of experience gained in the entire game.
 F = Experience gained in this place divided by the number of levels of this place that you have seen.
                   A       B       C       D       E      F
               +-------+-------+-------+-------+-------+----------------------
         Total | 100.0 | 100.0 |   N/A |   N/A | 100.0 |  76.8
       Dungeon |  64.3 |  64.3 |   N/A |   N/A |  65.5 |  67.0
         Sewer |  35.7 |  35.7 |   N/A |   N/A |  34.5 | 106.0
               +-------+-------+-------+-------+-------+----------------------

Table legend: (Time is in decaauts)
 A = Elapsed time spent in this place.
 B = Non-inter-level travel time spent in this place.
 C = Inter-level travel time spent in this place.
 D = Time resting spent in this place.
 E = Time spent auto-exploring this place.
 F = Levels seen in this place.
 G = Mean time per level.
                   A        B        C        D        E       F      G
               +--------+--------+--------+--------+--------+-----+--------+
         Total |   4131 |   4062 |     69 |    539 |   2902 |   4 | 1032.8 |
       Dungeon |   3218 |   3149 |     69 |    231 |   2569 |   3 | 1072.7 |
         Sewer |    912 |    912 |      0 |    308 |    333 |   1 |  912.0 |
               +--------+--------+--------+--------+--------+-----+--------+

Top non-repeatable levels by time:
     D:2: 1450 daAuts
     D:1: 1330 daAuts
   Sewer: 912 daAuts
     D:3: 438 daAuts
